 Dungeon Crawl Stone Soup version 0.18.1-50-g88ac8fd (webtiles) character file.

751 Gargoyl the Agent of Entropy (level 7, -1/53 (55) HPs)
             Began as a Demonspawn Abyssal Knight on Oct 12, 2016.
             Was a Priest of Lugonu.
             Slain by Duvessa
             ... wielding a +2 short sword of flaming
              (7 damage)
             ... on level 6 of the Dungeon.
             The game lasted 00:06:24 (3909 turns).

Gargoyl the Agent of Entropy (DsAK)                 Turns: 3909, Time: 00:06:25

HP:   -1/53 (55)    AC: 16    Str: 14    XL:     7   Next: 49%
MP:   10/10         EV:  1    Int: 14    God:    Lugonu [***...]
Gold: 238           SH:  8    Dex: 12    Spells: 0 memorised, 6 levels left

rFire  . . .     SeeInvis .     B - +2 war axe
rCold  . . .     Gourm    .     e - +0 plate armour
rNeg   . . .     Faith    .     o - +1 shield
rPois  .         Spirit   .     (no helmet)
rElec  .         Dismiss  .     (no cloak)
rCorr  .         Reflect  .     (no gloves)
SustAt .         Harm     .     (no boots)
MR     .....                    l - amulet of rage
Stlth  ..........               (no ring)
                                (no ring)

@: very slightly contaminated, not resistant to hostile enchantments, extremely
unstealthy
A: iridescent scales 1, spiny 1
a: Depart the Abyss, Bend Space, Banish, Renounce Religion, Evoke Berserk Rage


You were on level 6 of the Dungeon.
You worshipped Lugonu.
Lugonu was most pleased with you.
You were near starving.

You visited 1 branch of the dungeon, and saw 6 of its levels.
You visited the Abyss 1 time.

You collected 238 gold pieces.

Inventory:

Hand Weapons
 a - a +1 hand axe
 B - a +2 war axe (weapon)
Missiles
 m - 6 tomahawks (quivered)
Armour
 e - a +0 plate armour (worn)
 o - a +1 shield (worn)
Jewellery
 l - an amulet of rage (around neck)
 E - a cursed ring of teleportation
Wands
 y - a wand of iceblast (8/15)
Scrolls
 f - 2 scrolls of identify
 n - a scroll of fog
 p - 2 scrolls of remove curse
 q - a scroll of fear
 s - 2 scrolls of recharging
 w - a scroll of immolation
 D - a scroll of amnesia
Potions
 d - a potion of flight {unknown}
 g - a potion of brilliance {unknown}
 j - a potion of magic {unknown}
 k - 2 potions of heal wounds {unknown}
 v - a potion of haste {unknown}
 z - a potion of degeneration {unknown}
 A - a potion of agility {unknown}
 F - a potion of resistance {unknown}
Books
 C - a book of Dreams

   Spells                             Type                      Level
   a - Ensorcelled Hibernation        Hexes/Ice                    2
   b - Silence                        Hexes/Air                    5
   c - Darkness                       Hexes                        6
   d - Shadow Creatures               Summoning                    6
Comestibles
 c - 4 bread rations
 h - a beef jerky
 i - 2 meat rations
 r - 3 fruits


   Skills:
 + Level 4.9 Fighting
 + Level 3.1 Axes
 * Level 5.0 Armour
 + Level 1.0 Dodging
 + Level 1.5 Shields
 * Level 5.2 Invocations


You had 6 spell levels left.
You didn't know any spells.

Dungeon Overview and Level Annotations

Branches:
Dungeon (6/15)
 Temple: D:4-7

Altars:
Qazlal
Ru
Yredelemnul

Annotations:
D:5 Grinder
D:6 Duvessa


Innate Abilities, Weirdness & Mutations

You are partially covered in iridescent scales (AC +4).
You are partially covered in sharp spines.


Message History

You block the howler monkey skeleton's attack.
The howler monkey skeleton bites you but does no damage.
You slash Duvessa!
Duvessa is severely wounded.
You slash the howler monkey skeleton!
You destroy the howler monkey skeleton!
Lugonu accepts your kill. Duvessa hits you but does no damage.
You block Duvessa's attack.
Unknown command.
Your plate armour prevents you from hitting Duvessa.
Duvessa is severely wounded.
Duvessa hits you with a short sword of flaming!
* * * LOW HITPOINT WARNING * * *
Duvessa burns you.
* * * LOW HITPOINT WARNING * * *
You block Duvessa's attack.
You hit Duvessa.
Duvessa is severely wounded.
Duvessa hits you with a short sword of flaming!
You die...

#..# #..#
. #..# ..
# #..#
...##.#..#
#.....#..#
#.....)e.#
#.@# #..#
#..# #..#
#... ####


You could see Duvessa (berserk).

Vanquished Creatures
  A necrophage (D:3)
  The ghost of Nukefarmer the Sneak, an amateur NaAs (D:3)
  A phantom (D:4)
  Dowan (D:6)
  3 hounds (D:4)
  3 orc priests (D:3)
  An orc wizard (D:3)
  An iguana (D:4)
  2 worker ants (D:4)
  3 gnolls (D:4)
  3 adders (D:3)
  A howler monkey skeleton (D:6)
  An ufetubus (Abyss:1)
  An ooze (D:1)
  An adder skeleton (D:4)
  A worm (D:3)
  3 dart slugs
  3 giant geckos
  9 orcs (D:3)
  A giant cockroach (D:3)
  8 goblins
  2 hobgoblins (D:3)
  6 jackals
  3 quokkas (D:2)
  A ball python (D:2)
  A ball python skeleton (D:4)
  10 bats
  2 giant newts
  6 kobolds (D:2)
  6 rats
86 creatures vanquished.

Notes
Turn   | Place    | Note
--------------------------------------------------------------
     0 | Abyss:1  | Gargoyl the Demonspawn Abyssal Knight began the quest for the Orb.
     0 | Abyss:1  | Reached XP level 1. HP: 18/18 MP: 2/2
    86 | Abyss:1  | Found a blossoming altar of Fedhas.
   134 | Abyss:1  | Noticed a spatial vortex
   137 | Abyss:1  | Noticed a spatial vortex
   140 | Abyss:1  | Noticed a spatial vortex
   206 | Abyss:1  | Noticed a starcursed mass
   208 | Abyss:1  | Noticed a catoblepas zombie
   212 | Abyss:1  | Noticed a quasit
   213 | D:1      | Escaped the Abyss
   315 | D:1      | Gained mutation: You are partially covered in sharp spines. [demonic ancestry]
   315 | D:1      | Reached XP level 2. HP: 24/24 MP: 4/4
   597 | D:1      | Reached skill level 1 in Dodging
   935 | D:2      | Reached * piety under Lugonu
   982 | D:2      | Found a stormy altar of Qazlal.
   984 | D:2      | Noticed an earth elemental
   984 | D:2      | Noticed an air elemental
   985 | D:2      | Noticed a water elemental
   985 | D:2      | Noticed a fire elemental
  1000 | D:2      | Reached XP level 3. HP: 29/29 MP: 5/5
  1411 | D:2      | Found a stormy altar of Qazlal.
  1467 | D:3      | Found a basalt altar of Yredelemnul.
  1469 | D:3      | Found a sacrificial altar of Ru.
  1553 | D:3      | Reached XP level 4. HP: 37/37 MP: 6/6
  1589 | D:3      | Noticed a necrophage
  1598 | D:3      | Killed a necrophage
  1598 | D:3      | Reached ** piety under Lugonu
  1598 | D:3      | Gained mutation: You are partially covered in iridescent scales (AC +4). [demonic ancestry]
  1598 | D:3      | Reached XP level 5. HP: 30/40 MP: 7/7
  1744 | D:3      | Found a faded altar to an unknown god.
  1806 | D:3      | Noticed Nukefarmer's ghost (amateur NaAs)
  1824 | D:3      | Killed Nukefarmer's ghost
  1824 | D:3      | Reached XP level 6. HP: 33/46 MP: 9/9
  2378 | D:3      | Reached skill level 1 in Shields
  2620 | D:3      | Reached skill level 5 in Invocations
  2983 | D:4      | Reached XP level 7. HP: 49/53 MP: 10/10
  3052 | D:4      | Reached *** piety under Lugonu
  3552 | D:4      | Reached skill level 5 in Armour
  3886 | D:5      | Entered Level 5 of the Dungeon
  3896 | D:5      | Noticed Dowan
  3896 | D:5      | Noticed Grinder
  3897 | D:5      | Noticed Duvessa
  3903 | D:6      | Killed Dowan
  3909 | D:6      | Slain by Duvessa

Skill      XL: |  1  2  3  4  5  6  7 |
---------------+----------------------+-----
Dodging        | 1 |  1.0
Axes           | 2 3 |  3.1
Invocations    | 3 4 5 |  5.2
Armour         | 2 3 4 5 |  5.0
Fighting       | 4 |  4.9
Shields        | 1 |  1.5

Action                   |  1- 3 |  4- 6 |  7- 9 || total
-------------------------+-------+-------+-------++-------
Melee: Hand axe          |    51 |    84 |    27 ||   162
       War axe           |       |       |    12 ||    12
Invok: Depart the Abyss  |     1 |       |       ||     1
  Use: Scroll            |     4 |       |    10 ||    14
  Eat: Chunk             |     2 |     5 |     1 ||     8
Armor: Plate armour      |    48 |    58 |    33 ||   139
Dodge: Dodged            |     3 |     1 |     3 ||     7
Block: Shield            |    18 |    35 |    22 ||    75
